TOP OF THE 1ST |
San Jose Missions batting - Pitching for Spokane Trappers : LHP Martin Lowry
|
Pitching: LHP Martin Lowry
|
|
Batting: RHB José Martínez
|
0-0: Called Strike 0-1: Ball 1-1: Foul Ball, location: 2F 1-2: Fly out, F7 (Flyball, 7S)
|
Batting: RHB Ed Starr
|
0-0: Called Strike 0-1: SINGLE (Line Drive, 34)
|
Batting: RHB Dale Taylor
|
0-0: Called Strike 0-1: Foul Ball, location: 2F 0-2: Strikes out swinging
|
Batting: RHB Bob Orr
|
0-0: Called Strike 0-1: Ball 1-1: Called Strike 1-2: Fielders Choice at 2nd, 6-4 (Groundball, 6)
|
Top of the 1st over - 0 run(s), 1 hit(s), 0 error(s), 0 left on base; San Jose 0 - Spokane 0 |
BOTTOM OF THE 1ST |
Spokane Trappers batting - Pitching for San Jose Missions : LHP Octávio Pérez
|
Pitching: LHP Octávio Pérez
|
|
Batting: LHB Juan Viera
|
0-0: Called Strike 0-1: Ground out U3 (Groundball, 3)
|
Batting: RHB John Craig
|
0-0: Ball 1-0: Ball 2-0: Ball 3-0: Base on Balls
|
Batting: RHB Ernesto Acosta
|
0-0: Called Strike 0-1: Ball 1-1: Ball 2-1: Foul Ball, location: 2F 2-2: Foul Ball, location: 2F 2-2: Foul Ball, location: 2F 2-2: Ball 3-2: DOUBLE (Flyball, 89XD) John Craig to third
|
Batting: RHB Ramiro Ross
|
0-0: Called Strike 0-1: Called Strike 0-2: Ball 1-2: Ball Wild Pitch! John Craig scores Ernesto Acosta to third 2-2: Strikes out swinging, 2-3 out at first.
|
Batting: LHB Héctor Rentería
|
0-0: Called Strike 0-1: Swinging Strike 0-2: Ball 1-2: Ground out 1-3 (Groundball, 15S)
|
Bottom of the 1st over - 1 run(s), 1 hit(s), 0 error(s), 1 left on base; San Jose 0 - Spokane 1 |
TOP OF THE 2ND |
San Jose Missions batting - Pitching for Spokane Trappers : LHP Martin Lowry
|
Batting: LHB Miguel Montés
|
0-0: Ball 1-0: Foul Ball, location: 2F 1-1: DOUBLE (Line Drive, 9LS)
|
Batting: RHB Andrew Benson
|
0-0: Ball 1-0: Ball 2-0: Ball 3-0: DOUBLE (Line Drive, 7LD) Miguel Montés scores
|
Batting: RHB Chang-geun Kim
|
0-0: Ball 1-0: SINGLE (Line Drive, 56D) Andrew Benson to third
|
Batting: RHB Culley Douglas
|
0-0: Called Strike 0-1: Ball 1-1: Called Strike 1-2: Strikes out looking
|
Batting: RHB David Crespo
|
0-0: Called Strike 0-1: Ball 1-1: Ball 2-1: SINGLE (Groundball, 34D) Andrew Benson scores Chang-geun Kim to second Runner from 2nd tries for 3rd, SAFE, no throw
|
Batting: RHB José Martínez
|
0-0: Ball 1-0: Ball 2-0: 3-RUN HOME RUN (Flyball, 7D), Distance : 388 ft
|
Batting: RHB Ed Starr
|
0-0: Called Strike 0-1: Called Strike 0-2: Ball 1-2: Strikes out swinging
|
Batting: RHB Dale Taylor
|
0-0: Foul Ball, location: 2F 0-1: Swinging Strike 0-2: Ball 1-2: Ground out 6-3 (Groundball, 6M)
|
Top of the 2nd over - 5 run(s), 5 hit(s), 0 error(s), 0 left on base; San Jose 5 - Spokane 1 |
BOTTOM OF THE 2ND |
Spokane Trappers batting - Pitching for San Jose Missions : LHP Octávio Pérez
|
Batting: RHB Enrico Rodríguez
|
0-0: Ball 1-0: Ball 2-0: Foul Ball, location: 2F 2-1: Ball 3-1: Base on Balls
|
Batting: SHB Glenn Vadnais
|
0-0: Called Strike 0-1: Ball 1-1: Ball 2-1: Swinging Strike 2-2: Ball 3-2: Base on Balls Enrico Rodríguez to second
|
Batting: RHB Robert Marks
|
0-0: Foul Ball, location: 2F 0-1: Ball 1-1: Grounds into double play, 5-4-3 (Groundball, 56) Enrico Rodríguez to third
|
Batting: RHB Alejandro Ramos
|
0-0: Ball 1-0: Ball 2-0: Fly out, F8 (Line Drive, 89M)
|
Bottom of the 2nd over - 0 run(s), 0 hit(s), 0 error(s), 1 left on base; San Jose 5 - Spokane 1 |
TOP OF THE 3RD |
San Jose Missions batting - Pitching for Spokane Trappers : LHP Martin Lowry
|
Batting: RHB Bob Orr
|
0-0: Ball 1-0: Ball 2-0: Called Strike 2-1: Fly out, F8 (Line Drive, 8LD)
|
Batting: LHB Miguel Montés
|
0-0: Called Strike 0-1: Ball 1-1: Fly out, F7 (Flyball, 7LS)
|
Batting: RHB Andrew Benson
|
0-0: Swinging Strike 0-1: Foul Ball, location: 2F 0-2: Strikes out looking
|
Top of the 3rd over - 0 run(s), 0 hit(s), 0 error(s), 0 left on base; San Jose 5 - Spokane 1 |
BOTTOM OF THE 3RD |
Spokane Trappers batting - Pitching for San Jose Missions : LHP Octávio Pérez
|
Batting: LHB Juan Viera
|
0-0: Foul Ball, location: 2F 0-1: Ball 1-1: Ball 2-1: Swinging Strike 2-2: Strikes out swinging
|
Batting: RHB John Craig
|
0-0: Called Strike 0-1: Called Strike 0-2: Ball 1-2: SINGLE (Line Drive, 9LM)
|
Batting: RHB Ernesto Acosta
|
0-0: Ball 1-0: Called Strike 1-1: Ball 2-1: SINGLE (Line Drive, 89S) John Craig to second Runner from 2nd tries for 3rd, SAFE, no throw
|
Batting: RHB Ramiro Ross
|
0-0: Ball 1-0: Ball 2-0: Foul Ball, location: 2F 2-1: Ball 3-1: Base on Balls Ernesto Acosta to second
|
Batting: LHB Héctor Rentería
|
0-0: Called Strike 0-1: Fly out, F8 (Flyball, 8RS) Runner from 3rd tags up, SCORES, no throw
|
Batting: RHB Enrico Rodríguez
|
0-0: Ball 1-0: Fly out, F9 (Flyball, 9)
|
Bottom of the 3rd over - 1 run(s), 2 hit(s), 0 error(s), 2 left on base; San Jose 5 - Spokane 2 |
TOP OF THE 4TH |
San Jose Missions batting - Pitching for Spokane Trappers : LHP Martin Lowry
|
Batting: RHB Chang-geun Kim
|
0-0: Foul Ball, location: 2F 0-1: Ball 1-1: Called Strike 1-2: Ball 2-2: Strikes out swinging
|
Batting: RHB Culley Douglas
|
0-0: Called Strike 0-1: Foul Ball, location: 2F 0-2: Ball 1-2: SINGLE (Line Drive, 56D)
|
Batting: RHB David Crespo
|
0-0: Ball 1-0: Ball 2-0: Ball 3-0: Called Strike 3-1: Foul Ball, location: 2F 3-2: Strikes out swinging
|
Batting: RHB José Martínez
|
0-0: Ball 1-0: Ground out 5-3 (Groundball, 56S)
|
Top of the 4th over - 0 run(s), 1 hit(s), 0 error(s), 1 left on base; San Jose 5 - Spokane 2 |
BOTTOM OF THE 4TH |
Spokane Trappers batting - Pitching for San Jose Missions : LHP Octávio Pérez
|
Batting: SHB Glenn Vadnais
|
0-0: Ball 1-0: Called Strike 1-1: Ball 2-1: Foul Ball, location: 2F 2-2: Fly out, F7 (Flyball, 78D)
|
Batting: RHB Robert Marks
|
0-0: DOUBLE (Groundball, 5L)
|
Batting: RHB Alejandro Ramos
|
0-0: Fly out, F8 (Flyball, 8RS)
|
Batting: LHB Juan Viera
|
0-0: Ball 1-0: Ball 2-0: Called Strike 2-1: Called Strike 2-2: Fly out, F9 (Flyball, 9)
|
Bottom of the 4th over - 0 run(s), 1 hit(s), 0 error(s), 1 left on base; San Jose 5 - Spokane 2 |
TOP OF THE 5TH |
San Jose Missions batting - Pitching for Spokane Trappers : LHP Martin Lowry
|
Pitching: LHP Pedro Mata
|
|
Batting: RHB Ed Starr
|
0-0: Called Strike 0-1: Ball 1-1: Foul Ball, location: 2F 1-2: Strikes out swinging
|
Batting: RHB Dale Taylor
|
0-0: Ball 1-0: SOLO HOME RUN (Flyball, 8LXD), Distance : 428 ft
|
Batting: RHB Bob Orr
|
0-0: Foul Ball, location: 2F 0-1: Foul Ball, location: 2F 0-2: Ball 1-2: Ball 2-2: Foul Ball, location: 2F 2-2: Foul Ball, location: 2F 2-2: Strikes out swinging
|
Batting: LHB Miguel Montés
|
0-0: Foul Ball, location: 2F 0-1: Called Strike 0-2: Foul Ball, location: 2F 0-2: Ground out U3 (Groundball, 3)
|
Top of the 5th over - 1 run(s), 1 hit(s), 0 error(s), 0 left on base; San Jose 6 - Spokane 2 |
BOTTOM OF THE 5TH |
Spokane Trappers batting - Pitching for San Jose Missions : LHP Octávio Pérez
|
Batting: RHB John Craig
|
0-0: Swinging Strike 0-1: Foul Ball, location: 2F 0-2: Ball 1-2: Ground out 5-3 (Groundball, 56)
|
Batting: RHB Ernesto Acosta
|
0-0: Ball 1-0: Called Strike 1-1: Ball 2-1: Foul Ball, location: 2F 2-2: Ball 3-2: Fly out, F9 (Line Drive, 9D)
|
Batting: RHB Ramiro Ross
|
0-0: Foul Ball, location: 2F 0-1: Ball 1-1: Foul Ball, location: 2F 1-2: SINGLE (Line Drive, 5L)
|
Batting: LHB Héctor Rentería
|
0-0: Fly out, F8 (Flyball, 8LS)
|
Bottom of the 5th over - 0 run(s), 1 hit(s), 0 error(s), 1 left on base; San Jose 6 - Spokane 2 |
TOP OF THE 6TH |
San Jose Missions batting - Pitching for Spokane Trappers : LHP Pedro Mata
|
Batting: RHB Andrew Benson
|
0-0: Fly out, F9 (Flyball, 9)
|
Batting: RHB Chang-geun Kim
|
0-0: Called Strike 0-1: Ball 1-1: Swinging Strike 1-2: Strikes out swinging
|
Batting: RHB Culley Douglas
|
0-0: Called Strike 0-1: Foul Ball, location: 2F 0-2: Ball 1-2: Foul Ball, location: 2F 1-2: Strikes out swinging
|
Top of the 6th over - 0 run(s), 0 hit(s), 0 error(s), 0 left on base; San Jose 6 - Spokane 2 |
BOTTOM OF THE 6TH |
Spokane Trappers batting - Pitching for San Jose Missions : LHP Octávio Pérez
|
Batting: RHB Enrico Rodríguez
|
0-0: Foul Ball, location: 2F 0-1: Foul Ball, location: 2F 0-2: Ball 1-2: Ball 2-2: Foul Ball, location: 2F 2-2: Foul Ball, location: 2F 2-2: Ball 3-2: Base on Balls
|
Pitching: RHP Mark Bidwell
|
|
Batting: SHB Glenn Vadnais
|
0-0: Ball 1-0: Called Strike 1-1: Foul Ball, location: 2F 1-2: Ball 2-2: Hit by Pitch Enrico Rodríguez to second
|
Batting: RHB Robert Marks
|
0-0: SINGLE (Groundball, 6MD) Enrico Rodríguez to third Glenn Vadnais to second
|
Batting: RHB Alejandro Ramos
|
0-0: Foul Ball, location: 2F 0-1: Foul Ball, location: 2F 0-2: Fly out, F9 (Flyball, 9S)
|
Batting: LHB Juan Viera
|
0-0: Swinging Strike 0-1: Foul Ball, location: 2F 0-2: SINGLE (Groundball, 6) (infield hit) Enrico Rodríguez scores Glenn Vadnais to third Robert Marks to second
|
Batting: RHB John Craig
|
0-0: Ball 1-0: Called Strike 1-1: Called Strike 1-2: Ball 2-2: Strikes out swinging
|
Batting: RHB Ernesto Acosta
|
0-0: Ball 1-0: Fly out, F9 (Flyball, 9S)
|
Bottom of the 6th over - 1 run(s), 2 hit(s), 0 error(s), 3 left on base; San Jose 6 - Spokane 3 |
TOP OF THE 7TH |
San Jose Missions batting - Pitching for Spokane Trappers : LHP Pedro Mata
|
Batting: RHB David Crespo
|
0-0: Called Strike 0-1: Foul Ball, location: 2F 0-2: Strikes out looking
|
Batting: RHB José Martínez
|
0-0: Called Strike 0-1: Called Strike 0-2: Foul Ball, location: 2F 0-2: Ball 1-2: Foul Ball, location: 2F 1-2: Strikes out swinging
|
Batting: RHB Ed Starr
|
0-0: Ball 1-0: Called Strike 1-1: Ball 2-1: Ball 3-1: Base on Balls
|
Batting: RHB Dale Taylor
|
0-0: Fly out, F9 (Flyball, 9LMF)
|
Top of the 7th over - 0 run(s), 0 hit(s), 0 error(s), 1 left on base; San Jose 6 - Spokane 3 |
BOTTOM OF THE 7TH |
Spokane Trappers batting - Pitching for San Jose Missions : RHP Mark Bidwell
|
Batting: RHB Ramiro Ross
|
0-0: Ball 1-0: Ball 2-0: Ball 3-0: Base on Balls
|
Batting: LHB Héctor Rentería
|
0-0: Ball 1-0: Called Strike 1-1: Foul Ball, location: 2F 1-2: Ball 2-2: Fielders Choice at 2nd, 1-6 (Groundball, 13S)
|
Pitching: RHP Micheal Wood
|
|
Batting: RHB Enrico Rodríguez
|
0-0: Ball 1-0: Called Strike 1-1: Foul Ball, location: 2F 1-2: Ball 2-2: Strikes out swinging Héctor Rentería steals 2nd base Batter strikes out.
|
Batting: SHB Glenn Vadnais
|
0-0: Ball 1-0: Ball Wild Pitch! Héctor Rentería to third 2-0: Ground out U3 (Groundball, 3L)
|
Bottom of the 7th over - 0 run(s), 0 hit(s), 0 error(s), 1 left on base; San Jose 6 - Spokane 3 |
TOP OF THE 8TH |
San Jose Missions batting - Pitching for Spokane Trappers : LHP Pedro Mata
|
Batting: RHB Bob Orr
|
0-0: Called Strike 0-1: Ground out 5-3 (Groundball, 56)
|
Batting: LHB Miguel Montés
|
0-0: Ball 1-0: Foul Ball, location: 2F 1-1: Swinging Strike 1-2: Strikes out looking
|
Batting: RHB Andrew Benson
|
0-0: Ball 1-0: Called Strike 1-1: Foul Ball, location: 2F 1-2: Strikes out looking
|
Top of the 8th over - 0 run(s), 0 hit(s), 0 error(s), 0 left on base; San Jose 6 - Spokane 3 |
BOTTOM OF THE 8TH |
Spokane Trappers batting - Pitching for San Jose Missions : RHP Micheal Wood
|
Batting: RHB Robert Marks
|
0-0: Called Strike 0-1: Ball 1-1: Called Strike 1-2: Ball 2-2: Ball 3-2: Foul Ball, location: 2F 3-2: Fly out, F4 (Flyball, 4MD)
|
Batting: RHB Alejandro Ramos
|
0-0: Called Strike 0-1: Ball 1-1: Ball 2-1: Ball 3-1: Base on Balls
|
Batting: LHB Juan Viera
|
0-0: Fielders Choice at 2nd, 3-6 (Groundball, 34)
|
Batting: RHB John Craig
|
0-0: Ball 1-0: Foul Ball, location: 2F 1-1: Ball 2-1: Ball 3-1: Base on Balls Juan Viera to second
|
Batting: RHB Ernesto Acosta
|
0-0: Called Strike 0-1: Swinging Strike 0-2: Fielders Choice at 2nd, 4-6 (Groundball, 4)
|
Bottom of the 8th over - 0 run(s), 0 hit(s), 0 error(s), 1 left on base; San Jose 6 - Spokane 3 |
TOP OF THE 9TH |
San Jose Missions batting - Pitching for Spokane Trappers : LHP Pedro Mata
|
Pitching: LHP Adrián León
|
|
Batting: RHB Chang-geun Kim
|
0-0: Fly out, F7 (Flyball, 78M)
|
Batting: RHB Culley Douglas
|
0-0: Ball 1-0: Swinging Strike 1-1: Foul Ball, location: 2F 1-2: Strikes out swinging
|
Batting: RHB David Crespo
|
0-0: Ball 1-0: Ground out 5-3 (Groundball, 56)
|
Top of the 9th over - 0 run(s), 0 hit(s), 0 error(s), 0 left on base; San Jose 6 - Spokane 3 |
BOTTOM OF THE 9TH |
Spokane Trappers batting - Pitching for San Jose Missions : RHP Micheal Wood
|
Pitching: RHP Paul Lewis
|
|
Batting: RHB Ramiro Ross
|
0-0: Called Strike 0-1: Foul Ball, location: 2F 0-2: Ball 1-2: Strikes out swinging
|
Batting: LHB Héctor Rentería
|
0-0: Foul Ball, location: 2F 0-1: Ball 1-1: Foul Ball, location: 2F 1-2: SINGLE (Groundball, 4MD)
|
Batting: RHB Enrico Rodríguez
|
0-0: Ball 1-0: Swinging Strike 1-1: Swinging Strike 1-2: Strikes out swinging
|
Batting: SHB Glenn Vadnais
|
0-0: Foul Ball, location: 2F 0-1: Ball 1-1: Ball 2-1: Swinging Strike 2-2: Strikes out swinging
|
Bottom of the 9th over - 0 run(s), 1 hit(s), 0 error(s), 1 left on base; San Jose 6 - Spokane 3 |
|